 Dungeon Crawl Stone Soup version 0.21.1-1-g345015f (webtiles) character file.

29 letownia3 the Magician (level 3, 24/24 HPs)
             Began as a Demonspawn Wizard on Feb 7, 2018.
             Quit the game on level 3 of the Dungeon.
             The game lasted 00:01:12 (647 turns).

letownia3 the Magician (Demonspawn Wizard)           Turns: 647, Time: 00:01:13

Health: 24/24      AC:  3    Str:  8    XL:     3   Next: 1%
Magic:  3/7        EV: 11    Int: 19    God:
Gold:   43         SH:  0    Dex: 11    Spells: 7/8 levels left

rFire    . . .     SeeInvis .   a - +0 dagger
rCold    . . .     Gourm    .   (no shield)
rNeg     . . .     Faith    .   h - +0 leather armour (curse)
rPois    .         Spirit   .   b - +0 hat
rElec    .         Reflect  .   (no cloak)
rCorr    .         Harm     .   (no gloves)
MR       .....                  (no boots)
Stlth    ++........             (no amulet)
HPRegen  0.08/turn              (no ring)
MPRegen  0.10/turn              (no ring)

@: no status effects
A: horns 1, nightstalker 1
a: no special abilities


You were on level 3 of the Dungeon.
You were not hungry.

You visited 1 branch of the dungeon, and saw 3 of its levels.

You collected 43 gold pieces.

Inventory:

Hand Weapons
 a - a +0 dagger (weapon)
Armour
 b - a +0 hat (worn)
 e - a +0 robe
 h - a cursed +0 leather armour (worn)
Jewellery
 f - an uncursed ring of stealth {unknown}
Scrolls
 i - a scroll of identify {unknown}
Potions
 g - a potion of flight {unknown}
 k - a potion of might {unknown}
Books
 c - a book of Minor Magic

   Spells                             Type                      Level
   a - Magic Dart                     Conjuration                  1
   b - Blink                          Translocation                2
   c - Call Imp                       Summoning                    2
   d - Slow                           Hexes                        2
   e - Conjure Flame                  Conjuration/Fire             3
   f - Mephitic Cloud                 Conjuration/Poison/Air       3
Comestibles
 d - 5 rations
 j - a chunk of flesh


   Skills:
 - Level 1.7 Dodging
 - Level 1.7 Stealth
 - Level 3.0 Spellcasting
 * Level 3.0 Conjurations
   Level 1.0 Summonings
   Level 0.8 Translocations


You had 7 spell levels left.
You knew the following spells:

 Your Spells              Type           Power        Failure   Level  Hunger
a - Magic Dart            Conj           ##..         6%          1    None


Dungeon Overview and Level Annotations

Branches:
Dungeon (3/15)

Altars:


Innate Abilities, Weirdness & Mutations

You have a pair of small horns on your head.
You are slightly more attuned to the shadows.


Message History

Aiming: Magic Dart
Press: ? - help, Shift-Dir - straight line, f - jackal
Aim: a jackal (hasn't noticed you)
The magic dart hits the jackal.
The jackal is heavily wounded.
The jackal barks!
Casting: Magic Dart
Confirm with . or Enter, or press ? or * to list all spells.
Aiming: Magic Dart
Press: ? - help, Shift-Dir - straight line, f/p - jackal
Aim: a jackal (heavily wounded)
The magic dart hits the jackal.
You kill the jackal!
You have reached level 3!
Your experience leads to an increase in your attributes!
Increase (S)trength, (I)ntelligence, or (D)exterity?
You feel stronger.
Your demonic ancestry asserts itself...
A pair of horns grows on your head!
A jackal comes into view.
Are you sure you want to abandon this character and quit the game? (Confirm with "yes".)

##.#..#... #.
....... ##..
#...#
##...###.<.####.#
................#
#...#.#.########
#..#.#.# #......#
#..#@###
#.......#
#......#.#
#......# #
.....#...
.#.#.##h#† #...
.#.


You could see a jackal (wandering).

Vanquished Creatures
  3 bats (D:1)
  A giant cockroach (D:1)
  5 goblins (D:1)
  A hobgoblin (D:1)
  2 jackals (D:3)
  4 kobolds
  2 ball pythons
  5 frilled lizards
  4 rats
27 creatures vanquished.

Notes
Turn   | Place    | Note
-------+----------+-------------------------------------------
     0 | D:1      | letownia3 the Demonspawn Wizard began the quest for the Orb.
     0 | D:1      | Reached XP level 1. HP: 13/13 MP: 4/4
   288 | D:1      | Gained mutation: You are slightly more attuned to the shadows. [demonic ancestry]
   288 | D:1      | Reached XP level 2. HP: 19/19 MP: 0/6
   646 | D:3      | Gained mutation: You have a pair of small horns on your head. [demonic ancestry]
   646 | D:3      | Reached XP level 3. HP: 24/24 MP: 3/7
   647 | D:3      | Quit the game

Skill      XL: |  1  2 |
---------------+-------+-----
Conjurations   | 2 3 |  3.0
Dodging        | |  1.7
Stealth        | |  1.7
Spellcasting   | |  3.0
Summonings     | |  1.0
Translocations | |  0.8

Action                   || total
-------------------------++-------
Melee: Dagger            ||     5
 Cast: Magic Dart        ||    40
Armor: Robe              ||     2
Dodge: Dodged            ||     6
